 Dungeon Crawl Stone Soup version 0.18-a0-1800-gdc7a371 (webtiles) character file.

107 drasked the Magician (level 4, -1/21 HPs)
             Began as a Spriggan Ice Elementalist on Apr 24, 2016.
             Slain by Patate's ghost (9 damage)
             ... on level 3 of the Dungeon.
             The game lasted 00:20:29 (1824 turns).

drasked the Magician (Spriggan Ice Elementalist)    Turns: 1824, Time: 00:20:29

Health: -1/21      AC:  2    Str:  5    XL:     4   Next: 57%
Magic:  12/12      EV: 18    Int: 16    God:
Gold:   51         SH:  0    Dex: 16    Spells: 2 memorised, 9 levels left

rFire  + . .     SeeInvis +     e - +0 dagger
rCold  . . .     Gourm    .     a - +0 robe
rNeg   . . .     Faith    .     (shield restricted)
rPois  .         Spirit   .     (helmet restricted)
rElec  .         Dismiss  .     (no cloak)
rCorr  .         Reflect  .     (gloves unavailable)
SustAt .         Harm     .     (boots unavailable)
MR     .....                    (no amulet)
Stlth  ++++......               i - ring of stealth {Stlth+}
                                h - ring of protection from fire {rF+, !d}

@: very quick, not resistant to hostile enchantments, stealthy
A: unfitting armour, see invisible, herbivore 3, speed 3, slow metabolism 2
a: no special abilities


You were on level 3 of the Dungeon.
You were not hungry.

You visited 1 branch of the dungeon, and saw 3 of its levels.

You collected 51 gold pieces.

Inventory:

Hand Weapons
 e - a +0 dagger (weapon)
   (You took it off a kobold on level 1 of the Dungeon)
Armour
 a - a +0 robe (worn)
 l - a +0 cloak
   (You found it on level 2 of the Dungeon)
 q - a +0 cloak (quivered)
   (You took it off Crazy Yiuf on level 2 of the Dungeon)
Jewellery
 g - an uncursed ring of fire {unknown}
   (You found it on level 1 of the Dungeon)
 h - a ring of protection from fire (left hand) {rF+, !d}
   (You found it on level 1 of the Dungeon)
 i - a ring of stealth (right hand) {Stlth+}
   (You found it on level 1 of the Dungeon)
Scrolls
 f - 2 scrolls of remove curse {unknown}
 o - a scroll of recharging {unknown}
 p - a scroll of fear {unknown}
Potions
 d - a potion of cancellation {unknown}
 j - 3 potions of curing {unknown}
 k - a potion of brilliance {unknown}
 m - a potion of lignification {unknown}
 n - 2 potions of degeneration {unknown}
Books
 b - a book of Frost
Comestibles
 c - a bread ration {@e1}


   Skills:
 + Level 1.3 Short Blades
 - Level 3.0 Dodging
 + Level 3.8 Stealth
 - Level 5.2 Spellcasting
   Level 0.6 Conjurations
 - Level 2.5 Ice Magic


You had 9 spell levels left.
You knew the following spells:

 Your Spells              Type           Power        Failure   Level  Hunger
a - Freeze                Ice            ##..         8%          1    None
A - Ozocubu's Armour      Chrm/Ice       #.......     28%         3    ###....


Dungeon Overview and Level Annotations

Branches:
Dungeon (3/15)

Altars:
Ru

Annotations:
D:3 Patate's ghost, amateur MiBe


Innate Abilities, Weirdness & Mutations

You are tiny and cannot use many weapons and most armour.
You have supernaturally acute eyesight.
You are a herbivore.
You cover ground extremely quickly.
You need consume almost no food.


Message History

Quiver which item? (- for none, * to show all) (? for menu, Esc to quit)
You don't have any such object.
Quiver which item? (- for none, * to show all) (? for menu, Esc to quit)
You don't have any such object.
Quiver which item? (- for none, * to show all) (? for menu, Esc to quit)
You don't have any such object.
Quiver which item? (- for none, * to show all) (? for menu, Esc to quit)
You don't have any such object.
Quiver which item? (- for none, * to show all) (? for menu, Esc to quit)
Okay, then.
Quiver which item? (- for none, * to show all) (? for menu, Esc to quit)
Okay, then.
Quiver which item? (- for none, * to show all) (? for menu, Esc to quit)
Okay, then.
Quiver which item? (- for none, * to show all) (? for menu, Esc to quit)
Okay, then.
Quiver which item? (- for none, * to show all) (? for menu, Esc to quit)
Okay, then.
Quiver which item? (- for none, * to show all) (? for menu, Esc to quit)
Okay, then.
Quiver which item? (- for none, * to show all) (? for menu, Esc to quit)
Okay, then.
Quiver which item? (- for none, * to show all) (? for menu, Esc to quit)
Okay, then.
Quiver which item? (- for none, * to show all) (? for menu, Esc to quit)
Okay, then.
Quiver which item? (- for none, * to show all) (? for menu, Esc to quit)
Okay, then.
Quiver which item? (- for none, * to show all) (? for menu, Esc to quit)
Okay, then.
Quiver which item? (- for none, * to show all) (? for menu, Esc to quit)
Quivering
q - a cloak for throwing.
Drink which item? (? for menu, Esc to quit)
You can't drink that!
Drink which item? (? for menu, Esc to quit)
You can't drink that!
Unknown command.
Quiver which item? (- for none, * to show all) (? for menu, Esc to quit)
Okay, then.
Quiver which item? (- for none, * to show all) (? for menu, Esc to quit)
Okay, then.
Quiver which item? (- for none, * to show all) (? for menu, Esc to quit)
Okay, then.
Quiver which item? (- for none, * to show all) (? for menu, Esc to quit)
Okay, then.
Quiver which item? (- for none, * to show all) (? for menu, Esc to quit)
Okay, then.
Quiver which item? (- for none, * to show all) (? for menu, Esc to quit)
Quivering
q - a cloak for throwing.
Drink which item? (? for menu, Esc to quit)
Okay, then.
Drink which item? (? for menu, Esc to quit)
Okay, then.
Unknown command.
Quiver which item? (- for none, * to show all) (? for menu, Esc to quit)
Quivering
q - a cloak for throwing.
Okay, then.
Okay, then.
Okay, then.
Unknown command.
Drink which item? (? for menu, Esc to quit)
Okay, then.
Drink which item? (? for menu, Esc to quit)
Okay, then.
Unknown command. (m)acro, (M)acro raw, keymap [(k) default, (x) level-map, (t)argeting, (c)onfirm, m(e)nu], (s)ave?
Aborting. (m)acro, (M)acro raw, keymap [(k) default, (x) level-map, (t)argeting, (c)onfirm, m(e)nu], (s)ave?
Aborting. (m)acro, (M)acro raw, keymap [(k) default, (x) level-map, (t)argeting, (c)onfirm, m(e)nu], (s)ave?
Aborting.
You don't know that spell.
Unknown command.
There is an open door here.
Your icy armour starts to melt.
Your icy armour evaporates.
There is an escape hatch in the floor here.
You slide downwards.
The hatch slams shut behind you.
A jackal, an orc and a player ghost come into view.
Found a scroll labeled NESUOSOIRIL.
Found a stone staircase leading down.
The jackal barks!
Patate's ghost closely misses you.
The orc shouts!
A jackal comes into view.
The jackal barks!
The orc closely misses you.
A jackal comes into view.
Patate's ghost completely misses you.
The jackal barks!
The orc hits you. Patate's ghost completely misses you.
You take 3 damage, and have 9/21 hp.
The orc completely misses you. Patate's ghost barely misses you.
The jackal misses you. The orc closely misses you. The jackal bites you.
Patate's ghost barely misses you.
You take 1 damage, and have 8/21 hp.
The orc barely misses you.
The jackal bites you but does no damage.
Patate's ghost hits you!
You die...

## .. .# ... ##.
#.# #.. ...#..
....# #.... .
......#.#.## ...
....#.#h#..#....
.......h....?...
.......h@.......
#####..oW.......
...........##.#
###.....>..#
#.##....## #.
#..... # ###..##
..#


You could see Patate's ghost, an orc and 3 jackals.

Vanquished Creatures
  Crazy Yiuf (D:2)
  A gnoll (D:1)
  2 adders (D:2)
  An ooze (D:1)
  A worm (D:2)
  2 dart slugs
  7 bats
  2 giant cockroaches (D:1)
  9 goblins
  5 hobgoblins
  4 kobolds
  A giant newt (D:2)
  3 rats
39 creatures vanquished.

Notes
Turn   | Place    | Note
--------------------------------------------------------------
     0 | D:1      | drasked the Spriggan Ice Elementalist began the quest for the Orb.
     0 | D:1      | Reached XP level 1. HP: 9/9 MP: 5/5
   201 | D:1      | Reached skill level 3 in Spellcasting
   281 | D:1      | Reached XP level 2. HP: 13/13 MP: 5/7
   401 | D:1      | Reached skill level 4 in Spellcasting
   563 | D:1      | Reached XP level 3. HP: 8/16 MP: 3/9
   804 | D:1      | Learned a level 3 spell: Ozocubu's Armour
  1088 | D:2      | Reached skill level 5 in Spellcasting
  1147 | D:2      | Found a sacrificial altar of Ru.
  1225 | D:2      | Reached XP level 4. HP: 21/21 MP: 12/12
  1502 | D:2      | Noticed Crazy Yiuf
  1514 | D:2      | Killed Crazy Yiuf
  1514 | D:2      | Reached skill level 1 in Short Blades
  1813 | D:3      | Noticed Patate's ghost (amateur MiBe)
  1824 | D:3      | Slain by Patate's ghost

Vault maps used:
D:1:      dpeg_arrival_erosion
D:2:      lemuel_upstairs_altar, nicolae_ru_sacrificial_ziggurat,
          uniq_crazy_yiuf_cottage
D:3:      grunt_temple_overflow_champion_of_chaos, overflow_temple_1_default,
          grunt_dithmenos_smoke_and_mirrors

Skill      XL: |  1  2  3  4 |
---------------+-------------+-----
Spellcasting   | 3 4 5 |  5.2
Short Blades   | 1 |  1.3
Dodging        | |  3.0
Stealth        | |  3.8
Conjurations   | |  0.6
Ice Magic      | |  2.5

Action                   |  1- 3 |  4- 6 || total
-------------------------+-------+-------++-------
Melee: Dagger            |    11 |    27 ||    38
       Unarmed           |     1 |       ||     1
 Cast: Freeze            |    47 |    14 ||    61
       Ozocubu's Armour  |       |     5 ||     5
  Use: Scroll            |     2 |       ||     2
 Stab: Sleeping          |     7 |     1 ||     8
       Distracted        |       |     1 ||     1
Armor: Robe              |     8 |     5 ||    13
Dodge: Dodged            |    38 |    41 ||    79

Vault maps used:
D:1:      dpeg_arrival_erosion
D:2:      lemuel_upstairs_altar, nicolae_ru_sacrificial_ziggurat,
          uniq_crazy_yiuf_cottage
D:3:      grunt_temple_overflow_champion_of_chaos, overflow_temple_1_default,
          grunt_dithmenos_smoke_and_mirrors

Table legend:
 A = Turns spent in this place as a percentage of turns spent in the entire game.
 B = Non-inter-level travel turns spent in this place as a percentage of non-inter-level travel turns spent in the entire game.
 C = Inter-level travel turns spent in this place as a percentage of turns spent in this place.
 D = Turns resting spent in this place as a percentage of non-inter-level travel turns spent in this place.
 E = Turns spent auto-exploring this place as a percentage of non-inter-level travel turns spent in this place.
 F = Non-inter-level travel turns spent in this place divided by the number of levels of this place that you've seen.
                   A       B       C       D       E      F
               +-------+-------+-------+-------+-------+----------------------
         Total | 100.0 | 100.0 |   0.1 |   2.9 |   4.3 | 299.7
       Dungeon | 100.0 | 100.0 |   0.1 |   2.9 |   4.3 | 299.7
               +-------+-------+-------+-------+-------+----------------------

Table legend:
 A = Kills in this place as a percentage of kills in entire the game.
 B = Kills by you in this place as a percentage of kills by you in the entire game.
 C = Kills by friends in this place as a percentage of kills by friends in the entire game.
 D = Other kills in this place as a percentage of other kills in the entire game.
 E = Experience gained in this place as a percentage of experience gained in the entire game.
 F = Experience gained in this place divided by the number of levels of this place that you have seen.
                   A       B       C       D       E      F
               +-------+-------+-------+-------+-------+----------------------
         Total | 100.0 | 100.0 |  -nan |  -nan | 100.0 |  51.3
       Dungeon | 100.0 | 100.0 |  -nan |  -nan | 100.0 |  51.3
               +-------+-------+-------+-------+-------+----------------------
